 Dungeon Crawl Stone Soup version 0.28-a0-1389-gc726bef33b (webtiles) character file.

Game seed: 3917762459288343685

2360 bjtr the Ogre Mage (level 9, 0/85 HPs)
             Began as an Ogre Fire Elementalist on Jan 4, 2022.
             Was an Initiate of Vehumet.
             Slain by a yak (2 damage)
             ... on level 8 of the Dungeon.
             The game lasted 00:32:09 (7595 turns).

bjtr the Ogre Mage (Ogre Fire Elementalist)         Turns: 7595, Time: 00:32:11

Health: 0/85       AC:  7    Str: 14    XL:     9   Next: 44%
Magic:  7/21       EV:  9    Int: 32    God:    Vehumet [......]
Gold:   214        SH:  0    Dex:  9    Spells: 5/25 levels left

rFire   . . .      SeeInvis .   t - +1 flail (protect)
rCold   . . .      Faith    .   (no shield)
rNeg    . . .      Spirit   .   y - +0 acid dragon scales
rPois   .          Reflect  .   (helmet restricted)
rElec   .          Harm     .   D - scarf {+Inv}
rCorr   +          Rampage  .   (gloves unavailable)
Will    .....                   (boots unavailable)
Stlth   +.........              (no amulet)
HPRegen 0.24/turn               w - +6 ring of intelligence
MPRegen 0.17/turn               o - +6 ring of intelligence

@: no status effects
A: large, unfitting armour, tough skin 1
a: Renounce Religion, Evoke Invisibility


You were on level 8 of the Dungeon.
You worshipped Vehumet.
Vehumet was noncommittal.
You visited 2 branches of the dungeon, and saw 9 of its levels.

You collected 214 gold pieces.

Inventory:

Hand Weapons
 d - a +0 short sword
 e - a +0 morningstar
 i - a +0 hunting sling
 t - a +1 flail of protection (weapon)
 u - a +0 vorpal flail
 A - a +2 vorpal falchion
 B - a +0 giant spiked club
 F - a +2 vampiric dagger
Missiles
 h - 33 sling bullets
 k - 216 stones
 l - 34 bolts
 s - 9 poisoned darts
 x - 2 throwing nets
 C - 5 atropa-tipped darts
 E - 6 boomerangs of dispersal
Armour
 a - a +1 robe
 y - +0 acid dragon scales (worn)
 D - a scarf of invisibility (worn)
Jewellery
 m - a +4 ring of slaying
 o - a +6 ring of intelligence (right hand)
 v - a ring of positive energy
 w - a +6 ring of intelligence (left hand)
Wands
 b - a wand of acid (2)
 p - a wand of iceblast (18)
Scrolls
 g - 4 scrolls of teleportation
Potions
 c - a potion of attraction {unknown}
 f - 3 potions of flight
 j - a potion of might {unknown}
 n - a potion of cancellation {unknown}
 q - 6 potions of curing
 r - 2 potions of heal wounds
 z - a potion of lignification {unknown}


   Skills:
 + Level 4.4 Fighting
 - Level 1.7 Dodging
 - Level 1.4 Stealth
 * Level 8.8 Spellcasting
 + Level 1.7 Conjurations
 + Level 7.6 Fire Magic
 * Level 3.4 Poison Magic


You had 5 spell levels left.
You knew the following spells:

 Your Spells              Type           Power      Damage    Failure   Level
a - Foxfire               Conj/Fire      100%       2x1d9     1%          1
b - Scorch                Fire           100%       2d10      1%          2
c - Conjure Flame         Conj/Fire      44%        6-21      2%          3
d - Inner Flame           Hex/Fire       38%        N/A       3%          3
e - Flame Wave            Conj/Fire      44%        2d8       8%          4
f - Olgreb's Toxic Radia  Pois           36%        N/A       12%         4
g - Teleport Other        Tloc           14%        N/A       16%         3

Your spell library contained the following spells:

 Spells                   Type           Power      Damage    Failure   Level
 Apportation              Tloc           28%        N/A       4%          1
 Gell's Gravitas          Tloc           14%        N/A       16%         3
 Lesser Beckoning         Tloc           14%        N/A       16%         3
 Ozocubu's Armour         Ice            14%        N/A       16%         3
 Cause Fear               Hex            7%         N/A       45%         4
 Alistair's Intoxication  Tmut/Pois      16%        N/A       56%         5
 Ozocubu's Refrigeration  Ice            7%         4d6       100%        7
 Discord                  Hex            7%         N/A       100%        8
 Ignition                 Fire           29%        3d9       100%        8


Dungeon Overview and Level Annotations

Branches:
Dungeon (8/15)             Temple (1/1) D:7
   Lair: D:8-11

Altars:
Ashenzari
Cheibriados
Dithmenos
Fedhas
Gozag
Hepliaklqana
Kikubaaqudgha
Nemelex Xobeh
Okawaru
Qazlal
Ru
Sif Muna
Trog
Uskayaw
Vehumet
Wu Jian
Xom
Yredelemnul
Zin
The Shining One


Innate Abilities, Weirdness & Mutations

You are too large for most types of armour.
You have tough skin. (AC +1)


Message History

The flame wave engulfs the yak.
The yak is moderately wounded.
The flame wave engulfs the yak!
The yak is severely wounded.
The flame wave engulfs the yak!
The yak is moderately wounded.
The yak gores you! The yak gores you. The yak closely misses you.
A wave of flame ripples out!
The flame wave engulfs the yak!
The yak is almost dead.
The flame wave engulfs the yak.
The yak is heavily wounded.
The flame wave engulfs the yak!
The yak is severely wounded.
The flame wave engulfs the yak!
You kill the yak!
Vehumet accepts your kill.
You finish channelling waves of flame.
The yak gores you. x2
The yak gores you but does no damage.
Casting: Flame Wave (dangerous; 8% risk of failure)
Confirm with . or Enter, or press ? or * to list all spells.
Casting: Flame Wave (dangerous; 8% risk of failure)
Press: ? - help, Dir - look around, f - activate A wave of flame ripples out!
The flame wave engulfs the yak.
You kill the yak!
Vehumet accepts your kill.
The flame wave engulfs the yak!
The yak is severely wounded.
The flame wave engulfs the yak.
The yak is severely wounded. (Press . to intensify the flame waves.)
The yak gores you but does no damage. The yak gores you!
* * * LOW HITPOINT WARNING * * *
A wave of flame ripples out!
The flame wave engulfs the yak!
The yak is almost dead.
The flame wave engulfs the yak.
The yak is almost dead.
The yak gores you!
* * * LOW HITPOINT WARNING * * *
The yak gores you.
You die...

. ..#
#+####...#
#.........
#†@Y......
+.Y†##....
##..# .
#..# ...$
...$+
#$.## #..#


You could see 2 yaks.

Vanquished Creatures
  Grinder (D:4)
  Eustachio (D:6)
  2 yaks (D:8)
  An ice beast (D:6)
  A sky beast (D:7)
  A necrophage (D:5)
  A black bear (D:5)
  A hornet zombie (D:7)
  2 ogres
  A phantom (D:4)
  3 scorpions
  2 water moccasin skeletons
  A howler monkey (D:4)
  A jelly (D:4)
  A centaur zombie (D:6)
  A centaur skeleton (D:5)
  2 gnoll shamans (D:7)
  2 hounds (D:5)
  5 iguanas
  2 orc wizards (D:7)
  A hound skeleton (D:5)
  17 gnolls
  8 adders
  3 white imps
  An ufetubus (D:4)
  A worm (D:4)
  3 dart slugs
  6 orcs
  6 ball pythons
  4 endoplasms
  A giant cockroach (D:2)
  9 goblins
  4 hobgoblins
  5 jackals
  3 quokkas
  4 bats (D:2)
  2 frilled lizards (D:2)
  9 kobolds
  3 rats
122 creatures vanquished.

Vanquished Creatures (collateral kills)
  An adder (D:6)
1 creature vanquished.

Vanquished Creatures (others)
  112 foxfires
  3 plants (D:7)
115 creatures vanquished.

Grand Total: 238 creatures vanquished

Notes
Turn   | Place    | Note
-------+----------+-------------------------------------------
     0 | D:1      | bjtr the Ogre Fire Elementalist began the quest for the
                  | Orb.
     0 | D:1      | Reached XP level 1. HP: 16/16 MP: 3/3
   166 | D:1      | Reached skill level 1 in Conjurations
   260 | D:1      | Reached XP level 2. HP: 24/24 MP: 0/5
   484 | D:1      | Learned a level 2 spell: Scorch
   619 | D:1      | Reached skill level 1 in Fighting
   817 | D:1      | Reached XP level 3. HP: 29/33 MP: 0/7
   917 | D:1      | Found a faded altar of an unknown god.
  1456 | D:2      | Reached skill level 3 in Spellcasting
  1722 | D:2      | Reached XP level 4. HP: 41/41 MP: 4/8
  2375 | D:3      | Found a broken altar of Ashenzari.
  2895 | D:3      | Reached XP level 5. HP: 48/48 MP: 7/10
  3125 | D:4      | Noticed a phantom
  3196 | D:4      | Killed a phantom
  3197 | D:4      | Reached skill level 4 in Spellcasting
  3197 | D:4      | Reached XP level 6. HP: 52/57 MP: 2/12
  3469 | D:4      | Noticed Grinder
  3473 | D:4      | Killed Grinder
  3474 | D:4      | Reached skill level 5 in Fire Magic
  3474 | D:4      | Reached XP level 7. HP: 66/66 MP: 6/14
  3538 | D:4      | Reached skill level 5 in Spellcasting
  3596 | D:4      | Learned a level 3 spell: Conjure Flame
  3601 | D:4      | Learned a level 4 spell: Flame Wave
  3605 | D:4      | Learned a level 3 spell: Inner Flame
  3612 | D:4      | Found an iron altar of Okawaru.
  3642 | D:4      | Found an ancient bone altar of Kikubaaqudgha.
  4138 | D:5      | Entered Level 5 of the Dungeon
  4368 | D:5      | Reached skill level 1 in Poison Magic
  4662 | D:5      | Reached XP level 8. HP: 78/78 MP: 2/16
  5053 | D:5      | Found a glowing silver altar of Zin.
  5059 | D:5      | Learned a level 4 spell: Olgreb's Toxic Radiance
  5122 | D:5      | Found a hazy altar of Hepliaklqana.
  5207 | D:6      | Reached skill level 6 in Spellcasting
  5708 | D:6      | Noticed Eustachio
  5716 | D:6      | Killed Eustachio
  5789 | D:6      | Reached skill level 7 in Spellcasting
  6123 | D:7      | Reached XP level 9. HP: 85/85 MP: 10/20
  6256 | D:7      | Reached skill level 8 in Spellcasting
  6776 | D:7      | Found a staircase to the Ecumenical Temple.
  6886 | D:7      | Found a glowing golden altar of the Shining One.
  7054 | D:7      | Learned a level 3 spell: Teleport Other
  7331 | Temple   | Entered the Ecumenical Temple
  7382 | Temple   | Became a worshipper of Vehumet
  7595 | D:8      | HP: 2/85 [yak (14)]
  7595 | D:8      | Slain by a yak

Illustrated notes

Levels and vault maps discovered:
D:1:      wander_arrival_estate, layout_loops_cross,
          ebering_ecumenical_altar_abandoned, kennysheep_decorative_pillar
D:2:      layout_basic
D:3:      layout_rooms, ashenzari_altar_1, minmay_between
D:4:      minmay_door_path, layout_cave_pools, mainiacjoe_overflow_tiny_flanked,
          mainiacjoe_overflow_catwalk, uniq_grinder
D:5:      layout_basic, lemuel_crystal_altar, zin_statuary
D:6:      layout_loops_ring, uniq_eustachio
D:7:      layout_loops_cross, tso_oasis_becter, minmay_temple_entry_nine_rooms,
          hangedman_decor_lopped, hangedman_glass_teeth
D:8:      layout_gridville, mainiacjoe_overflow_alcove_2
Temple:   eino_temple_water

Skill      XL: |  1  2  3  4  5  6  7  8  9 |
---------------+----------------------------+-----
Conjurations   | 1 |  1.7
Fire Magic     | 3 4 5 6 7 |  7.6
Fighting       | 1 2 3 4 |  4.4
Spellcasting   | 3 4 5 7 8 |  8.8
Poison Magic   | 1 2 3 |  3.4
Dodging        | |  1.7
Stealth        | |  1.4

Action                   |  1- 3 |  4- 6 |  7- 9 || total
-------------------------+-------+-------+-------++-------
Melee: Dagger            |    18 |       |       ||    18
       Flail             |     7 |    13 |    13 ||    33
 Cast: Foxfire           |    25 |    11 |    32 ||    68
       Scorch            |    16 |    37 |    73 ||   126
       Inner Flame       |       |       |     5 ||     5
       Conjure Flame     |       |       |     3 ||     3
       Flame Wave        |       |       |     3 ||     3
       Olgreb's Toxic Ra |       |       |     2 ||     2
  Use: Scroll            |       |     5 |     9 ||    14
Armor: Robe              |     6 |    14 |     4 ||    24
       Acid dragon scale |       |       |    13 ||    13
Dodge: Dodged            |    20 |    18 |    30 ||    68

Table legend: (Time is in decaauts)
 A = Elapsed time spent in this place.
 B = Non-inter-level travel time spent in this place.
 C = Inter-level travel time spent in this place.
 D = Time resting spent in this place.
 E = Time spent auto-exploring this place.
 F = Levels seen in this place.
 G = Mean time per level.
                   A        B        C        D        E       F      G
               +--------+--------+--------+--------+--------+-----+--------+
         Total |   7605 |   7351 |    254 |   1610 |   4663 |   9 |  845.0 |
       Dungeon |   7391 |   7156 |    235 |   1610 |   4486 |   8 |  923.9 |
        Temple |    213 |    194 |     19 |      0 |    177 |   1 |  213.0 |
               +--------+--------+--------+--------+--------+-----+--------+

Top non-repeatable levels by time:
     D:7: 1284 daAuts
     D:1: 1212 daAuts
     D:2: 1126 daAuts
     D:4: 1062 daAuts
     D:5: 986 daAuts
     D:6: 896 daAuts
     D:3: 816 daAuts
  Temple: 213 daAuts
     D:8: 5 daAuts
